 Dungeon Crawl Stone Soup version 0.31.0-2-g5a2aebc5c2 (webtiles) character file.

Game seed: 10118236901142568226

1673883 Flugkiller the Warrior (level 26, 218/218 HPs)
             Began as a Barachi Shapeshifter on Jan 20, 2024.
             Was a High Priest of Wu Jian.
             Escaped with the Orb
             ... and 3 runes!
             The game lasted 02:16:13 (66109 turns).

Flugkiller the Warrior (Barachi Shapeshifter)      Turns: 66109, Time: 02:16:14

Health: 218/218    AC: 20    Str: 13    XL:     26   Next: 70%
Magic:  50/50      EV: 36    Int: 16    God:    Wu Jian [*****.]
Gold:   3606       SH: 18    Dex: 34    Spells: 26/43 levels left

rFire   + . .        y - +9 quick blade (spect)
rCold   + . .        Y - +0 kite shield
rNeg    + . .        Q - +5 moon troll leather armour {Spirit, Regen++ MP+5}
rPois   .            o - +1 hat of the Cooper {+Inv MP+9 Dex+5}
rElec   .            H - +2 cloak {Stlth+}
rCorr   .            P - +1 pair of gloves
SInv    .            D - +2 pair of boots
Will    ++...        B - amulet "Xihiawkaext" {Acrobat Rampage rF+ Slay+3}
Stlth   +++          K - ring "Atishru" {rC+ rN+ Dex+6}
HPRegen 2.16/turn    m - ring of willpower
MPRegen 0.32/turn

%: acrobat, guardian spirit, rampage
@: studying Ranged Weapons, slow
A: amphibious, slowness 1, strong legs 2, +LOS, agile 1, clever 1, mutation
resistance 1, weak 1
0: Orb of Zot
}: 3/15 runes: decaying, abyssal, gossamer
a: Hop, Renounce Religion, Evoke Invisibility, Wall Jump, Serpent's Lash,
Heavenly Storm


You escaped.
You worshipped Wu Jian.
Wu Jian was extremely pleased with you.
You visited 10 branches of the dungeon, and saw 46 of its levels.
You visited the Abyss 1 time.
You visited 1 bazaar.
You also visited: Wizlab and Desolation.

You collected 5015 gold pieces.
You spent 1409 gold pieces at shops.

Inventory:

Hand Weapons
 y - a +9 spectral quick blade (weapon)
   (You subdued it on level 2 of the Elven Halls)
Missiles
 j - 7 throwing nets
 S - 8 curare-tipped darts
Armour
 o - the +1 hat of the Cooper (worn) {+Inv MP+9 Dex+5}
   (You acquired it on level 14 of the Dungeon)

   Dex+5:     It affects your dexterity (+5).
   MP+9:      It affects your magic capacity (+9).
   +Inv:      It lets you turn invisible.
 D - a +2 pair of boots (worn)
   (You found it on level 1 of the Dungeon)
 G - the -2 hat of the Alchemist {rElec rPois rF+ rC+ rN+ Will+ rMut rCorr}
   (You found it on level 4 of the Spider Nest)

   rF+:       It protects you from fire.
   rC+:       It protects you from cold.
   rElec:     It insulates you from electricity.
   rPois:     It protects you from poison rN+: It protects you from negative
   energy.
   Will+:     It increases your willpower.
   rCorr:     It protects you from acid and corrosion.
   rMut:      It protects you from mutation.
 H - a +2 cloak of stealth (worn)
   (You took it off Maurice on level 7 of the Dungeon)
 P - a +1 pair of gloves (worn)
   (You found it on level 9 of the Dungeon)
 Q - the +5 moon troll leather armour (worn) {Spirit, Regen++ MP+5}
   (You took it off a moon troll in a wizard's laboratory)

   MP+5:      It affects your magic capacity (+5).
   Regen++:   It increases your rate of health regeneration.
 Y - a +0 kite shield (worn)
   (You took it off a draconian knight on level 2 of the Realm of Zot)
 Z - the orb of Prudence {guile, Int+3}
   (You found it on level 4 of the Lair of Beasts)

   Int+3:     It affects your intelligence (+3).
Jewellery
 i - a ring of see invisible
   (You found it on level 4 of the Depths)
 m - a ring of willpower (right hand)
   (You found it on level 12 of the Dungeon)
 p - a ring of protection from fire
   (You found it on level 2 of the Dungeon)
 v - the ring of the Failed Coup {rCorr EV+5}
   (You found it on level 2 of the Realm of Zot)

   [ring of evasion]

   EV+5:      It affects your evasion (+5).
   rCorr:     It protects you from acid and corrosion.
 B - the amulet "Xihiawkaext" (around neck) {Acrobat Rampage rF+ Slay+3}
   (You found it on level 2 of the Lair of Beasts)

   [amulet of the acrobat]

   Acrobat:   It increases your evasion while moving and waiting.
   Slay+3:    It affects your accuracy & damage with ranged weapons and melee
   (+3).
   rF+:       It protects you from fire.
   Rampage:   It bestows one free step when moving towards enemies.
 K - the ring "Atishru" (left hand) {rC+ rN+ Dex+6}
   (You found it in the Desolation of Salt)

   [ring of dexterity]

   Dex+6:     It affects your dexterity (+6).
   rC+:       It protects you from cold.
   rN+:       It protects you from negative energy.
Talismans
 c - a granite talisman
   (You took it off Roxanne on level 3 of the Swamp)
 E - a maw talisman
   (You found it on level 4 of the Vaults)
Wands
 u - a wand of mindburst (17)
   (You took it off a gnoll on level 7 of the Dungeon)
 F - a wand of paralysis (20)
   (You took it off Maurice on level 7 of the Dungeon)
 J - a wand of light (11)
   (You found it on level 8 of the Dungeon)
 O - a wand of digging (30)
   (You found it on level 9 of the Dungeon)
 W - a wand of iceblast (19)
   (You found it on level 2 of the Dungeon)
Scrolls
 f - 6 scrolls of poison
 k - 6 scrolls of fear
 l - a scroll of acquirement
 t - 13 scrolls of teleportation
 z - 3 scrolls of blinking
 A - 6 scrolls of fog
 C - 10 scrolls of vulnerability
 U - 4 scrolls of summoning
 V - a scroll of revelation
 X - 7 scrolls of immolation
Potions
 a - 8 potions of mutation
 b - a potion of invisibility
 d - 4 potions of might
 g - 15 potions of ambrosia
 h - 7 potions of haste
 n - 3 potions of resistance
 q - 13 potions of curing
 s - 4 potions of magic
 w - 6 potions of heal wounds
 I - a potion of cancellation
 T - 3 potions of berserk rage
Miscellaneous
 r - a phial of floods
   (You bought it in a shop on level 3 of the Vaults)
 x - a phantom mirror
   (You found it in the Desolation of Salt)
 L - a sack of spiders
   (You found it in the Desolation of Salt)
 N - a condenser vane
   (You found it in the Desolation of Salt)
 R - a lightning rod (4/4)
   (You found it on level 2 of the Swamp)


   Skills:
 - Level 20.0 Fighting
 - Level 14.0 Short Blades
 - Level 13.2 Armour
 - Level 20.0 Dodging
 + Level 19.7 Stealth
 - Level 17.0 Shields
 - Level 3.5 Unarmed Combat
 - Level 9.0 Spellcasting
 - Level 10.0 Conjurations
 - Level 5.0 Fire Magic
 - Level 10.0 Earth Magic
 - Level 12.0 Alchemy
 - Level 14.0 Evocations
 - Level 18.0 Shapeshifting


You had 26 spell levels left.
You knew the following spells:

 Your Spells              Type           Power      Damage    Failure   Level
a - Ignite Poison         Fire/Alch      34%        N/A       6%          4
b - Olgreb's Toxic Radia  Alch           45%        N/A       1%          4
c - Petrify               Alch/Erth      42%        N/A       2%          4
i - Irradiate             Conj/Alch      21%        3d18      6%          5

Your spell library contained the following spells:

 Spells                   Type           Power      Damage    Failure   Level
 Foxfire                  Conj/Fire      100%       2x1d9     1%          1
 Magic Dart               Conj           100%       1d8       1%          1
 Sting                    Conj/Alch      100%       1d9       1%          1
 Stone Arrow              Conj/Erth      78%        3d11      1%          3
 Kiss of Death            Conj/Necr      92%        2d12      2%          1
 Shock                    Conj/Air       92%        1d8       2%          1
 Mercury Vapours          Alch/Air       52%        N/A       2%          2
 Fulminant Prism          Conj/Alch      21%        3d12      2%          4
 Momentum Strike          Conj/Tloc      46%        3d9       3%          2
 Mephitic Cloud           Conj/Alch/Air  30%        N/A       3%          3
 Alistair's Intoxication  Alch           30%        N/A       4%          5
 Cigotuvi's Dreadful Rot  Necr/Alch/Air  40%        N/A       6%          2
 Sticky Flame             Fire/Alch      34%        2d7       6%          4
 Dazzling Flash           Conj/Hex       46%        N/A       8%          3
 Hailstorm                Conj/Ice       23%        3d7       8%          3
 Iskenderun's Battlesphe  Conj           39%        2d9       9%          5
 Lee's Rapid Deconstruct  Erth           19%        3d11*     9%          5
 Apportation              Tloc           14%        N/A       21%         1
 Freeze                   Ice            28%        1d5       21%         1
 Summon Small Mammal      Summ           28%        N/A       21%         1
 Volatile Blastmotes      Fire/Tloc      30%        2d12      22%         3
 Eringya's Noxious Bog    Alch           22%        4d6       22%         6
 Animate Armour           Summ/Erth      46%        N/A       26%         4
 Iskenderun's Mystic Bla  Conj/Tloc      23%        2d6       26%         4
 Blink                    Tloc           14%        N/A       30%         2
 Jinxbite                 Hex            14%        N/A       30%         2
 Lesser Beckoning         Tloc           14%        N/A       30%         2
 Sublimation of Blood     Necr           7%         N/A       30%         2
 Bombard                  Conj/Erth      19%        9d4       45%         6
 Call Canine Familiar     Summ           7%         N/A       52%         3
 Frozen Ramparts          Ice            14%        1d3       52%         3
 Fugue of the Fallen      Necr           7%         N/A       52%         3
 Gell's Gravitas          Tloc           7%         N/A       52%         3
 Ozocubu's Armour         Ice            7%         N/A       52%         3
 Summon Ice Beast         Ice/Summ       7%         N/A       52%         3
 Swiftness                Air            7%         N/A       52%         3
 Teleport Other           Tloc           7%         N/A       52%         3
 Tukima's Dance           Hex            7%         N/A       52%         3
 Vampiric Draining        Necr           7%         2d6       52%         3
 Summon Blazeheart Golem  Fire/Summ      15%        N/A       56%         4
 Borgnjor's Vile Clutch   Necr/Erth      11%        N/A       56%         5
 Starburst                Conj/Fire      15%        6d6       80%         6
 Freezing Cloud           Conj/Ice/Air   8%         6-21      82%         5
 Airstrike                Air            3%         2d(1-17)  89%         4
 Animate Dead             Necr           7%         N/A       89%         4
 Dispel Undead            Necr           7%         3d8       89%         4
 Manifold Assault         Tloc           7%         N/A       89%         4
 Martyr's Knell           Necr/Summ      7%         N/A       89%         4
 Passage of Golubria      Tloc           7%         N/A       89%         4
 Summon Lightning Spire   Summ/Air       7%         N/A       89%         4
 Sculpt Simulacrum        Ice/Alch       13%        N/A       95%         6
 Orb of Destruction       Conj           19%        9d8       95%         7
 Curse of Agony           Necr           7%         N/A       99%         5
 Silence                  Hex/Air        3%         N/A       99%         5
 Summon Forest            Summ/Tloc      3%         N/A       99%         5
 Summon Mana Viper        Hex/Summ       7%         N/A       99%         5
 Death Channel            Necr           3%         N/A       100%        6
 Dispersal                Tloc           3%         N/A       100%        6
 Summon Cactus Giant      Summ           3%         N/A       100%        6
 Haunt                    Necr/Summ      3%         N/A       100%        7
 Spellforged Servitor     Conj/Summ      11%        N/A       100%        7
 Borgnjor's Revivificati  Necr           3%         N/A       100%        8
 Ignition                 Fire           11%        3d5       100%        8
 Infestation              Necr           3%         N/A       100%        8
 Lehudib's Crystal Spear  Conj/Erth      19%        10d6      100%        8
 Maxwell's Capacitive Co  Air            3%         ∞         100%        8
 Death's Door             Necr           3%         N/A       100%        9


Dungeon Overview and Level Annotations

Branches:
Dungeon (15/15)            Temple (1/1) D:4            Lair (5/5) D:8
  Swamp (4/4) Lair:2       Spider (4/4) Lair:2        Slime (0/5) Lair:4
    Orc (2/2) D:11            Elf (2/3) Orc:2        Vaults (4/5) D:13
  Crypt (0/3) Vaults:2     Depths (4/4) D:15            Zot (5/5) Depths:4
 WizLab (visited)         Desolation (visited)

Altars:
Ashenzari
Cheibriados
Dithmenos
Elyvilon
Fedhas
Gozag
Hepliaklqana
Kikubaaqudgha
Makhleb
Nemelex Xobeh
Okawaru
Qazlal
Ru
Sif Muna
Trog
Uskayaw
Vehumet
Wu Jian
Xom
Yredelemnul
Zin
The Shining One
Jiyva

Shops:
D:1 ?   D:15 (   Orc:2 ?*:=   Vaults:3 *

Portals:
Hell: Depths:1 Depths:2 Depths:3 Depths:4
Abyss: Depths:3
Pandemonium: Depths:1 Depths:2 Depths:3
Ziggurat: Depths:1
Trove: Vaults:3 (give 2 scrolls of acquirement)

Annotations:
D:4 1 runed translucent door, Crazy Yiuf
D:12 1 runed translucent door, Mocet's ghost, journeyman GnAl
D:14 3 runed translucent doors, Jaliuk's ghost, journeyman DECj; Jiolyugh's ghost, journeyman GrEE; Opnastoc's ghost, journeyman MiBe
Lair:4 1 runed translucent door
Spider:1 1 runed translucent door, Arcaseus's ghost, journeyman TrBe
Spider:3 2 runed translucent doors, Taocaav's ghost, adept CeHu
Depths:3 exclusions: ice dragon, nargun, orange crystal statue, simulacrum, walking frostbound tome and wendigo


Innate Abilities, Weirdness & Mutations

You are amphibious.
You cover ground slowly.
You can hop long distances.
You have an extended range of vision and can be seen from far away.
You are agile. (Dex +4, Str/Int -1)
Your mind is acute. (Int +4, Str/Dex -1)
You are somewhat resistant to further mutation.
You are weak. (Str -2)


Message History

You impale Tyridir!! x2
Tyridir is severely wounded.
You hit Tyridir but do no damage. x2
Tyridir is severely wounded.
Your +9 spectral quick blade hits Tyridir!
Your +9 spectral quick blade hits Tyridir but does no damage. x4
Your +9 spectral quick blade barely misses Tyridir.
Your supernatural speed expires.
You spin and attack Tyridir repeatedly.
You catch the helpless Tyridir completely off-guard!
You spit Tyridir like a pig!!! You hit Tyridir but do no damage.
Tyridir is almost dead.
You barely miss Tyridir. You hit Tyridir but do no damage.
Tyridir is almost dead.
Your +9 spectral quick blade hits Tyridir but does no damage.
Your +9 spectral quick blade hits Tyridir!
Your +9 spectral quick blade hits Tyridir but does no damage.
Your +9 spectral quick blade barely misses Tyridir.
You block Tyridir's attack.
Unknown command.
You puncture Tyridir! You hit Tyridir but do no damage.
Tyridir is almost dead.
Your +9 spectral quick blade hits Tyridir but does no damage. x2
Tyridir touches your +9 spectral quick blade!!
Your spectral weapon shares its damage with you!
Casting: Olgreb's Toxic Radiance (mildly dangerous; 1% risk of failure)
Confirm with . or Enter, or press ? or * to list all spells.
You erupt in a fountain of uncontrolled magic!
Tyridir is blasted with magical radiation!!!
You kill Tyridir!
The Council accepts your kill.
You are very lightly contaminated with residual magic.
Your +9 spectral quick blade disappears.
Unknown command.
You rampage towards the ice devil!
You lunge at the ice devil, in a flurry of attacks.
You puncture the ice devil! x2
The ice devil is moderately wounded.
You barely miss the ice devil. You completely miss the ice devil.
The ice devil is moderately wounded.
Your +9 spectral quick blade hits the ice devil.
Your +9 spectral quick blade hits the ice devil!
Your +9 spectral quick blade hits the ice devil.
Your +9 spectral quick blade closely misses the ice devil.
You block the ice devil's attack. The ice devil completely misses you.
You hit the ice devil. You puncture the ice devil!
The ice devil is almost dead.
Your +9 spectral quick blade hits the ice devil. x2
You kill the ice devil!
The Council accepts your kill.
Your +9 spectral quick blade disappears.
You're wearing all the rings you can.
Remove which one? (? for menu, Esc to cancel) < or
K - the ring "Atishru" {rC+ rN+ Dex+6} > or
m - a ring of willpower You remove your ring of willpower.
i - a ring of see invisible (right hand)
A lorocyproca comes into view.
You puncture the lorocyproca!
You hit the lorocyproca but do no damage.
The lorocyproca is lightly wounded.
Your +9 spectral quick blade hits the lorocyproca but does no damage.
Your +9 spectral quick blade closely misses the lorocyproca.
The lorocyproca is no longer absorbing vital energies.
You block the lorocyproca's attack.
Unknown command.
You hit the lorocyproca but do no damage.
You hit the lorocyproca.
The lorocyproca is lightly wounded.
Your +9 spectral quick blade hits the lorocyproca!
Your +9 spectral quick blade hits the lorocyproca.
The lorocyproca hits you!
You feel your power leaking away.
You puncture the lorocyproca! You hit the lorocyproca.
The lorocyproca is heavily wounded.
Your +9 spectral quick blade hits the lorocyproca! x2
Unknown command.
Unknown command.
You hit the lorocyproca but do no damage. x2
The lorocyproca is severely wounded.
Your +9 spectral quick blade hits the lorocyproca!
Your +9 spectral quick blade hits the lorocyproca!!
You kill the lorocyproca!
The Council accepts your kill.
Your +9 spectral quick blade disappears.
Unknown command.
You're wearing all the rings you can.
Remove which one? (? for menu, Esc to cancel) < or
K - the ring "Atishru" {rC+ rN+ Dex+6} > or
i - a ring of see invisible You remove your ring of see invisible.
m - a ring of willpower (right hand)
You feel less exhausted.
Your magical contamination has completely faded away.
You enter the shallow water.
You see here a +0 club.
Magic restored.
There is a staircase leading out of the dungeon here.
Enter note: gg You have escaped!

♣♣♣♣♣♣ ♣♣♣♣
♣♣♣♣♣♣P.♣P♣♣♣ ♣♣≈≈♣
♣♣...P..♣....♣♣♣≈≈≈♣
♣♣..@..♣♣♣♣♣.♣.♣♣♣≈≈≈
♣......♣ ♣♣.♣♣ ♣♣♣≈
♣♣♣..♣.♣ ♣♣.♣ ♣♣
♣♣..♣♣ ♣♣.♣♣ ♣♣.♣♣
♣.♣♣ ♣..♣ ♣..♣♣♣ ♣.♣♣
♣♣♣..♣♣ ♣ ♣.♣ ♣♣♣.♣♣
♣♣ ♣.♣♣♣ ♣♣.♣♣♣.


There were no monsters in sight!

Vanquished Creatures
  A pandemonium lord (D:1)
  A dread lich (Zot:5)
  7 ancient liches (Zot:5)
  The ghost of Sofait the Black Belt, a legendary GnFE of Okawaru (Zot:4)
  Mara (Vaults:2)
  3 orbs of fire
  Vv (Zot:1)
  Bai Suzhen (Vaults:4)
  A caustic shrike (Depths:2)
  6 Killer Klowns (Zot:5)
  A curse toe (Zot:3)
  13 golden dragons
  Jory (Vaults:4)
  3 bone dragons
  3 electric golems
  Zenata (Vaults:2)
  2 Ice Fiends
  11 tentacled monstrosities
  28 Orb Guardians
  A moon troll (WizLab)
  3 quicksilver dragons
  A lich (Depths:1)
  8 sphinxes
  A deep elf blademaster (Elf:2)
  6 death cobs
  Asterion (Spider:1)
  15 tentacled starspawn
  Frances (D:13)
  9 storm dragons
  3 thorn hunters
  A tengu reaver (Depths:2)
  Aizul (Swamp:1)
  Roxanne (Swamp:3)
  7 shadow dragons
  6 protean progenitors
  A nagaraja (Abyss:3)
  7 emperor scorpions
  6 fire giants
  12 draconian monks
  13 draconian knights
  10 draconian shifters
  Louise (Swamp:3)
  6 draconian scorchers
  6 frost giants
  2 balrugs
  12 vault wardens
  4 draconian stormcallers
  4 imperial myrmidons (Desolation)
  11 ghost moths
  A hydra skeleton (Swamp:4)
  3 cacodemons
  2 ghouls (Swamp:4)
  A reaper (Depths:3)
  13 ironbound preservers
  3 orc warlords
  4 broodmothers (Spider:3)
  3 draconian annihilators
  26 very ugly things
  10 stone giants
  A formless jellyfish (Vaults:2)
  10 green draconians
  7 ironbound thunderhulks
  2 deep elf demonologists
  An eleionoma (Swamp:4)
  11 black draconians
  2 deep elf death magi
  Azrael (D:13)
  5 vampire knights
  A demonspawn black sun (D:1)
  4 war gargoyles
  12 purple draconians
  A dire elephant (Vaults:3)
  12 red draconians
  11 yellow draconians
  3 halazid warlocks (Desolation)
  A lorocyproca (D:1)
  7 white draconians
  4 spark wasps
  2 bunyips
  A blizzard demon (Depths:3)
  2 crystal guardians
  5 fire dragons
  2 shambling mangroves (Swamp:4)
  6 ettins
  8 great orbs of eyes
  8 ragged hierophants
  A merfolk javelineer (Abyss:3)
  Snorg (D:11)
  5 entropy weavers
  12 yaktaur captains
  4 servants of whispers (Desolation)
  7 ice dragons
  A jiangshi (Vaults:2)
  9 peacekeepers
  2 rakshasas
  15 vault guards
  A hell beast (Depths:4)
  10 hydras
  A spriggan air mage (Depths:2)
  3 jorogumos
  2 catoblepae
  14 alligators
  13 centaur warriors
  12 ironbound frosthearts
  2 radroaches
  A death scarab (Spider:3)
  28 dancing weapons
  10 boulder beetles
  7 deep troll shamans
  6 orc high priests
  A satyr (Abyss:3)
  4 two-headed ogres
  2 occultists (Depths:3)
  3 deep troll earth magi
  A vampire mage (Depths:4)
  2 thrashing horrors (Abyss:3)
  9 demonic crawlers
  Sonja (D:13)
  Urug (D:11)
  A spriggan berserker (Depths:3)
  6 hell knights
  4 death yaks
  A shock serpent (shapeshifter) (Vaults:4)
  11 deep elf knights
  A soul eater (Depths:1)
  3 wretched stars
  A spark wasp zombie (Depths:1)
  2 iron trolls (Depths:1)
  3 skeletal warriors (D:15)
  5 pharaoh ants
  A skyshark (shapeshifter) (Depths:2)
  40 deep trolls
  8 goliath frogs
  5 spriggan druids
  A tengu zombie (Depths:1)
  13 swamp dragons
  2 orange crystal statues
  A sea snake (shapeshifter) (Elf:2)
  3 flayed ghosts
  2 spectral hydras (Swamp:4)
  Pikel (D:7)
  9 glowing orange brains
  3 steelbarb worms
  12 orb spiders
  10 arcanists
  4 bog bodies
  10 lindwurms
  21 deep elf pyromancers
  A harpy (Vaults:2)
  3 sun moths (Spider:4)
  26 ironbound convokers
  9 deep elf archers
  24 wolf spiders
  6 orc knights
  30 ugly things
  3 necromancers
  4 orc sorcerers
  A worldbinder (Abyss:3)
  3 oklob plants (Swamp:4)
  19 deep elf zephyrmancers
  4 manticores
  37 moths of wrath
  A tengu skeleton (Depths:1)
  6 will-o-the-wisps
  3 cyclopes
  A manticore (shapeshifter) (D:13)
  2 fauns (Zot:5)
  Maurice (D:7)
  13 meliai
  A toenail golem (D:1)
  4 elephants (Lair:5)
  An apocalypse crab (Abyss:3)
  7 guardian serpents
  A meliai (shapeshifter) (D:15)
  3 black mambas
  25 vault sentinels
  3 eyes of devastation (WizLab)
  A smoke demon (Abyss:3)
  31 cane toads
  2 gargoyles
  5 torpor snails
  2 large abominations (D:14)
  19 yaktaurs
  An unseen horror (D:12)
  A freezing wraith (Swamp:4)
  4 rime drakes
  An ice devil (D:1)
  6 komodo dragons
  2 ancient zymes (Abyss:3)
  A queen bee (Spider:2)
  An efreet (D:15)
  14 tyrant leeches
  3 bloated husks
  A red devil (D:12)
  A hydra zombie (Swamp:4)
  A polar bear (Lair:3)
  A polar bear (shapeshifter) (D:15)
  7 trolls
  51 saltlings
  16 hornets
  A spriggan zombie (D:15)
  A tarantella (shapeshifter) (Vaults:3)
  24 tarantellas
  2 glass eyes
  39 jumping spiders
  15 blink frogs
  55 slime creatures
  3 shadows
  25 culicivoras
  2 air elementals
  14 spriggans
  A spriggan skeleton (D:15)
  14 water elementals
  3 wraiths
  3 fire elementals (D:13)
  7 basilisks
  3 steam dragons
  9 starcursed masses (Abyss:3)
  52 yaks
  Grum (D:9)
  7 wyverns
  4 golden eyes (WizLab)
  2 wargs
  47 redbacks
  4 neqoxecs
  29 vampire mosquitoes
  A chaos spawn (D:14)
  8 swamp worms
  10 hell hounds
  2 acid dragons
  A swamp worm (shapeshifter) (Elf:1)
  11 water moccasins
  4 hydra simulacra (Swamp:4)
  23 orc warriors
  8 ice beasts
  2 sky beasts
  A black bear (D:4)
  6 swamp drakes
  A laughing skull (Vaults:2)
  A boggart (Vaults:3)
  8 ogres
  A swamp dragon skeleton (Swamp:4)
  11 wolves
  4 swamp dragon zombies (Swamp:4)
  8 centaurs
  A phantom (D:6)
  2 weeping skulls (Abyss:3)
  4 gnoll sergeants
  19 bullfrogs
  6 small abominations
  A scorpion (D:6)
  3 earth elementals
  9 wights (D:10)
  A troll zombie (Swamp:2)
  22 killer bees
  5 howler monkeys (D:11)
  3 troll skeletons (Swamp:2)
  An electric eel (D:8)
  A quasit (D:8)
  7 hounds
  2 jellies
  A gnoll bouda (Temple)
  46 orc priests
  A sleepcap (D:5)
  37 orc wizards
  27 gnolls
  4 adders
  2 swamp drake zombies (Swamp:4)
  4 shadow imps
  3 white imps
  3 ufetubi
  4 adder zombies (D:2)
  A ribbon worm (D:2)
  A dart slug (D:2)
  57 orcs
  5 ball pythons
  4 bats
  A bat skeleton (D:2)
  5 endoplasms
  2 giant cockroaches
  5 goblins
  2 hobgoblins
  6 jackals (D:3)
  2 quokkas
  4 frilled lizards
  3 kobolds
  A rat (D:1)
  4 aspiring fleshes
  11 starspawn tentacles (WizLab)
2042 creatures vanquished.

Vanquished Creatures (others)
  A dread lich (Zot:5)
  A bloated husk (Swamp:1)
  A water elemental (Elf:1)
  7 foxfires
  A lurking horror (Abyss:3)
  70 spectral weapons
  26 starspawn tentacles (WizLab)
107 creatures vanquished.

Grand Total: 2149 creatures vanquished

Notes
Turn   | Place    | Note
-------+----------+-------------------------------------------
     0 | D:1      | Flugkiller the Barachi Shapeshifter began the quest for the
                  | Orb.
     0 | D:1      | Reached XP level 1. HP: 15/15 MP: 1/1
   172 | D:1      | Reached XP level 2. HP: 22/22 MP: 2/2
   704 | D:1      | Found Ylaeban's Magic Scroll Shop.
   874 | D:2      | Identified the +0 robe of the Evening {-Tele Fly rElec
                  | SInv}
  1151 | D:2      | Reached XP level 3. HP: 22/28 MP: 3/3
  1399 | D:2      | You fall into a shaft and drop 1 floor!
  1689 | D:2      | Found the +5 robe of Misfortune {Harm *Corrode *Slow EV+5}
  1971 | D:3      | Reached skill level 1 in Evocations
  1971 | D:3      | Reached XP level 4. HP: 31/35 MP: 4/4
  2561 | D:4      | Found a staircase to the Ecumenical Temple.
  2569 | Temple   | Entered the Ecumenical Temple
  2599 | Temple   | Became a worshipper of the Wu Jian Council
  2622 | D:4      | Reached XP level 5. HP: 42/42 MP: 5/5
  2736 | D:4      | Noticed a black bear
  2970 | D:4      | Reached skill level 1 in Short Blades
  3151 | D:4      | Killed a black bear
  3152 | D:4      | Reached XP level 6. HP: 24/50 MP: 6/6
  3475 | Temple   | Reached skill level 5 in Fighting
  3921 | D:4      | Found a runed translucent door.
  3922 | D:4      | Noticed Crazy Yiuf
  4111 | D:5      | Entered Level 5 of the Dungeon
  4417 | D:5      | Identified the +6 scale mail of the Desolation of Salt
                  | {Will+ Dex+3}
  4478 | D:5      | Reached XP level 7. HP: 47/57 MP: 7/7
  4687 | D:5      | Reached * piety under Wu Jian
  4918 | D:5      | Reached skill level 5 in Shapeshifting
  5006 | D:5      | Reached skill level 1 in Armour
  5117 | D:6      | Reached XP level 8. HP: 39/65 MP: 8/8
  5586 | D:6      | Reached skill level 5 in Dodging
  5618 | D:6      | Found an ancient bone altar of Kikubaaqudgha.
  5619 | D:6      | Found a blossoming altar of Fedhas.
  5865 | D:7      | Noticed Pikel
  5884 | D:7      | Killed Pikel
  5885 | D:7      | Reached XP level 9. HP: 63/72 MP: 9/9
  6004 | D:7      | Reached skill level 5 in Armour
  6371 | D:7      | Reached ** piety under Wu Jian
  6381 | D:7      | Noticed Maurice
  6386 | D:7      | Killed Maurice
  6645 | D:7      | Reached skill level 5 in Evocations
  6768 | D:7      | Learned a level 4 spell: Olgreb's Toxic Radiance
  6926 | D:8      | Reached skill level 1 in Alchemy
  6942 | D:8      | Reached skill level 1 in Spellcasting
  6976 | D:8      | Noticed a rime drake
  6987 | D:8      | Reached XP level 10. HP: 55/80 MP: 13/13
  7166 | D:8      | Reached skill level 5 in Alchemy
  7218 | D:8      | Found a staircase to the Lair.
  7919 | D:8      | Reached *** piety under Wu Jian
  8292 | D:9      | Noticed Grum
  8306 | D:9      | Killed Grum
  9068 | D:7      | Reached XP level 11. HP: 69/86 MP: 8/17
  9593 | D:10     | Entered Level 10 of the Dungeon
  9603 | D:10     | Reached skill level 10 in Alchemy
 10871 | D:11     | Noticed a green ugly thing
 10888 | D:10     | Killed a green ugly thing
 11110 | D:11     | Noticed Urug
 11124 | D:11     | Killed Urug
 11132 | D:11     | Noticed a boulder beetle
 11154 | D:11     | Killed a boulder beetle
 11236 | D:11     | Learned a level 5 spell: Irradiate
 11680 | D:11     | Found a staircase to the Orcish Mines.
 11714 | D:11     | Noticed Snorg
 11719 | D:11     | Killed Snorg
 11837 | D:11     | Reached XP level 12. HP: 87/97 MP: 18/18
 11843 | D:11     | Reached **** piety under Wu Jian
 11990 | D:11     | Noticed a two-headed ogre
 12004 | D:11     | Killed a two-headed ogre
 12004 | D:11     | Reached skill level 10 in Fighting
 12004 | D:11     | Reached skill level 1 in Conjurations
 12058 | D:11     | Noticed a boulder beetle
 12104 | D:11     | Killed a boulder beetle
 12407 | Lair:1   | Entered Level 1 of the Lair of Beasts
 12484 | D:8      | Reached skill level 5 in Spellcasting
 12781 | Lair:1   | Noticed a death yak
 12796 | Lair:1   | Killed a death yak
 13158 | Lair:1   | Found a stormy altar of Qazlal.
 13836 | Lair:2   | Reached skill level 5 in Conjurations
 13923 | Lair:2   | Found a hole to the Spider Nest.
 13925 | Lair:2   | Identified the amulet "Xihiawkaext" {Acrobat Rampage rF+
                  | Slay+3}
 14160 | Lair:2   | Found a staircase to the Swamp.
 14537 | Lair:2   | Gained mutation: You can hop long distances. [Barachi
                  | growth]
 14537 | Lair:2   | Reached XP level 13. HP: 103/103 MP: 22/22
 15105 | Lair:3   | Reached skill level 10 in Conjurations
 15300 | Lair:3   | Identified the +4 chain mail of the Slorg {rPois}
 16030 | Lair:4   | Reached ***** piety under Wu Jian
 16079 | Lair:4   | You fall into a shaft and drop 1 floor!
 16079 | Lair:5   | Entered Level 5 of the Lair of Beasts
 16274 | Lair:5   | Reached skill level 10 in Dodging
 16921 | Lair:5   | Reached skill level 10 in Short Blades
 16972 | Lair:5   | Learned a level 4 spell: Ignite Poison
 16977 | Lair:5   | Learned a level 4 spell: Petrify
 17042 | Lair:5   | Reached XP level 14. HP: 105/115 MP: 7/23
 17046 | Lair:5   | Reached skill level 1 in Fire Magic
 17048 | Lair:5   | Reached skill level 1 in Earth Magic
 17273 | Lair:5   | Got the Precepts of Hapless Attacks
 17276 | Lair:5   | Identified the +2 ring mail of Gediloiten {rCorr}
 17281 | Lair:5   | Got the Vademecum on Arsenical Power
 18199 | Lair:4   | Identified the orb of Prudence {guile, Int+3}
 18223 | Lair:4   | Found a runed translucent door.
 18223 | Lair:4   | Noticed an acid blob
 18224 | Lair:4   | Found a viscous altar of Jiyva.
 18224 | Lair:4   | Found a staircase to the Slime Pits.
 18224 | Lair:4   | Noticed an acid blob
 18227 | Lair:4   | Noticed an acid blob
 19083 | D:12     | Found a runed translucent door.
 19087 | D:12     | Noticed Mocet's ghost (journeyman GnAl)
 19764 | D:12     | Reached skill level 5 in Fire Magic
 20098 | D:13     | Reached skill level 5 in Earth Magic
 20164 | D:13     | Noticed Sonja
 20168 | D:13     | Killed Sonja
 20224 | D:13     | Noticed Frances
 20419 | D:13     | Killed Frances
 20420 | D:13     | Reached skill level 1 in Stealth
 20702 | D:13     | Found a gate to the Vaults.
 20714 | D:13     | Reached XP level 15. HP: 94/120 MP: 24/28
 20830 | D:13     | Noticed Azrael
 20851 | D:13     | Killed Azrael
 20852 | D:13     | Reached skill level 5 in Stealth
 20885 | D:13     | Reached ****** piety under Wu Jian
 21663 | D:14     | Identified a scroll of acquirement
 21758 | D:14     | Identified the +0 plate armour "Xetofexe" {Str+4}
 21831 | D:14     | Found a runed translucent door.
 21894 | D:14     | Found a glowing silver altar of Zin.
 21894 | D:14     | Noticed an angel
 21914 | D:14     | Found a runed translucent gate.
 21914 | D:14     | Found a runed translucent gate.
 21918 | D:14     | Found a runed translucent gate.
 21954 | D:14     | Noticed Jiolyugh's ghost (journeyman GrEE)
 21955 | D:14     | Noticed Opnastoc's ghost (journeyman MiBe)
 21968 | D:14     | Noticed Jaliuk's ghost (journeyman DECj)
 22120 | D:14     | Gained mutation: You are weak. (Str -2) [a neqoxec]
 22397 | D:14     | Noticed a tentacled monstrosity
 22446 | D:14     | Killed a tentacled monstrosity
 22733 | D:15     | Entered Level 15 of the Dungeon
 23187 | D:15     | Found a staircase to the Depths.
 23381 | D:15     | Reached skill level 10 in Armour
 23588 | D:15     | Found Mupn's Weapon Emporium.
 24085 | Orc:1    | Entered Level 1 of the Orcish Mines
 24238 | Orc:2    | Entered Level 2 of the Orcish Mines
 24238 | Orc:2    | Found a bloodstained altar of Trog.
 24397 | Orc:2    | Reached XP level 16. HP: 81/127 MP: 5/29
 24899 | Orc:2    | Found Moadupaus's Book Shoppe.
 24988 | Orc:2    | Found a staircase to the Elven Halls.
 25000 | Orc:2    | Reached skill level 10 in Stealth
 25152 | Orc:2    | Found Zyiwox's General Store.
 25152 | Orc:2    | Found Wikacku's Jewellery Shoppe.
 25157 | Orc:2    | Found Beecs's Magic Scroll Emporium.
 26131 | Lair:2   | Acquired the +1 hat of the Cooper {+Inv MP+9 Dex+5}
 26167 | Spider:1 | Entered Level 1 of the Spider Nest
 26198 | Spider:1 | Noticed Asterion
 26209 | Spider:1 | Gained mutation: You occasionally lose the ability to read
                  | scrolls when taking damage. [a cacodemon]
 26213 | Spider:1 | Killed Asterion
 26405 | Lair:2   | Lost mutation: You are weak. (Str -2) [potion of mutation]
 26405 | Lair:2   | Lost mutation: You occasionally lose the ability to read
                  | scrolls when taking damage. [potion of mutation]
 26405 | Lair:2   | Gained mutation: Your body sometimes deteriorates upon
                  | taking damage. [potion of mutation]
 26689 | Spider:1 | You fall into a shaft and drop 1 floor!
 26868 | Spider:1 | Found a runed translucent door.
 26870 | Spider:1 | Found a shimmering altar of Xom.
 26870 | Spider:1 | Identified the +6 great mace of Overwhelming Force {chaos,
                  | rF+ rCorr Dex+3}
 26870 | Spider:1 | Noticed Arcaseus's ghost (journeyman TrBe)
 28864 | Spider:3 | Identified the +2 quarterstaff of the Desert {freeze, rElec
                  | Will++ Int+4}
 29152 | Spider:3 | Reached XP level 17. HP: 139/139 MP: 27/30
 29323 | Spider:3 | Found a large runed translucent door.
 29324 | Spider:3 | Found a large runed translucent door.
 29326 | Spider:3 | Noticed Taocaav's ghost (adept CeHu)
 29440 | Spider:3 | Reached skill level 10 in Earth Magic
 30801 | Spider:4 | Entered Level 4 of the Spider Nest
 31434 | Elf:1    | Entered Level 1 of the Elven Halls
 32868 | Orc:2    | Lost mutation: Your body sometimes deteriorates upon taking
                  | damage. [potion of mutation]
 32868 | Orc:2    | Gained mutation: You have hidden genetic defects. [potion
                  | of mutation]
 32868 | Orc:2    | Gained mutation: Your muscles are strong. (Str +4, Int/Dex
                  | -1) [potion of mutation]
 32869 | Orc:2    | Lost mutation: Your muscles are strong. (Str +4, Int/Dex
                  | -1) [potion of mutation]
 32869 | Orc:2    | Lost mutation: You have hidden genetic defects. [potion of
                  | mutation]
 32869 | Orc:2    | Gained mutation: Your spells are a little easier to cast,
                  | but a little less powerful. [potion of mutation]
 32869 | Orc:2    | Gained mutation: You have a pair of small antennae on your
                  | head. [potion of mutation]
 32870 | Orc:2    | Lost mutation: Your spells are a little easier to cast, but
                  | a little less powerful. [potion of mutation]
 32870 | Orc:2    | Lost mutation: You have a pair of small antennae on your
                  | head. [potion of mutation]
 32870 | Orc:2    | Gained mutation: You expend magic power (3 MP) to
                  | strengthen your wands. [potion of mutation]
 32870 | Orc:2    | Gained mutation: Your health recovers twice as slowly from
                  | being drained. [potion of mutation]
 32984 | Elf:1    | Found a runed translucent gate.
 32984 | Elf:1    | Found a runed translucent gate.
 32984 | Elf:1    | Found a runed translucent gate.
 33020 | Elf:1    | Reached skill level 15 in Fighting
 33475 | Elf:1    | Acquired a +0 quick blade of venom
 33515 | Elf:1    | Found Tibih's Assorted Antiques.
 33846 | Elf:2    | Found a runed translucent gate.
 33874 | Elf:2    | Paralysed by an orc sorcerer for 4 turns
 33930 | Elf:2    | Paralysed by an air elemental for 1 turns
 34332 | Elf:2    | Found a runed translucent gate.
 34332 | Elf:2    | Found a runed translucent gate.
 34405 | Elf:2    | Reached XP level 18. HP: 149/149 MP: 31/31
 34898 | Elf:2    | Identified the blade talisman of the Spider Nest {rPois
                  | Dex+3}
 34930 | Elf:2    | Noticed a deep elf blademaster
 34941 | Elf:2    | Killed a deep elf blademaster
 35748 | D:1      | Bought a scroll of enchant weapon for 97 gold pieces
 35748 | D:1      | Bought a scroll of fear for 52 gold pieces
 35748 | D:1      | Bought a scroll of revelation for 97 gold pieces
 35748 | D:1      | Bought a scroll of teleportation for 39 gold pieces
 38065 | Spider:4 | Found the -2 hat of the Alchemist {rElec rPois rF+ rC+ rN+
                  | Will+ rMut rCorr}
 38077 | Spider:4 | Got a gossamer rune of Zot
 38283 | Swamp:1  | Entered Level 1 of the Swamp
 38886 | Swamp:1  | Identified the serpent talisman "Tongat" {rElec rC++ Int-3}
 38886 | Swamp:1  | Noticed Aizul
 38895 | Swamp:1  | Killed Aizul
 38895 | Swamp:1  | Reached XP level 19. HP: 65/157 MP: 23/32
 39336 | Swamp:2  | Reached skill level 10 in Evocations
 40055 | Swamp:3  | Noticed Roxanne
 40100 | Swamp:3  | Noticed Louise
 40106 | Swamp:3  | Killed Louise
 40400 | Swamp:3  | Killed Roxanne
 40463 | Swamp:4  | Entered Level 4 of the Swamp
 40527 | Swamp:4  | Identified the +2 leather armour of Coir {rElec}
 40780 | Swamp:4  | Found a blossoming altar of Fedhas.
 40868 | Swamp:4  | Found a basalt altar of Yredelemnul.
 41461 | Swamp:4  | Got a decaying rune of Zot
 41715 | Vaults:1 | Entered Level 1 of the Vaults
 42188 | Vaults:1 | Found a magical portal.
 42284 | WizLab   | Entered Lehudib's Moon Base
 42306 | WizLab   | Found a transporter.
 42313 | WizLab   | Reached XP level 20. HP: 168/168 MP: 33/33
 43155 | WizLab   | Reached skill level 10 in Shapeshifting
 43363 | WizLab   | Identified the ring of Youthful Indiscretion {Fire rElec
                  | Int+4}
 43648 | WizLab   | Found a transporter.
 44040 | WizLab   | Identified the +4 battleaxe "Waerchu" {heavy, rElec rC+
                  | Will+++ Int-5}
 44041 | WizLab   | Identified the +0 pair of gloves "Ront" {Rampage rF+}
 44085 | WizLab   | Got Lehudib's Folio of Orogeny and Confrontation
 45570 | Vaults:2 | Reached XP level 21. HP: 180/180 MP: 34/34
 46288 | Vaults:2 | Noticed Zenata
 46299 | Vaults:2 | Killed Zenata
 46305 | Vaults:2 | Found a staircase to the Crypt.
 46722 | Vaults:3 | Found Feema's General Store.
 46726 | Vaults:3 | Bought a phial of floods for 800 gold pieces
 47092 | Vaults:3 | Noticed a golden dragon
 47127 | Vaults:3 | Reached skill level 15 in Shapeshifting
 47307 | Vaults:2 | Killed a golden dragon
 47390 | Vaults:2 | Found a staircase to the Crypt.
 47973 | Vaults:3 | Noticed Mara
 47979 | Vaults:3 | Noticed Flugkiller's illusion
 48166 | Vaults:2 | Killed Mara
 48176 | Vaults:3 | Paralysed by a sphinx for 5 turns
 49262 | Vaults:3 | Found a portal to a secret trove of treasure.
 49712 | Vaults:3 | Reached XP level 22. HP: 190/190 MP: 35/35
 50334 | Vaults:4 | Noticed Jory
 50340 | Vaults:4 | Killed Jory
 50529 | Vaults:4 | Found a crumbling gateway.
 50538 | Vaults:4 | Noticed Bai Suzhen
 50539 | Vaults:4 | Killed Bai Suzhen
 50552 | Desolati | Entered the Desolation of Salt
 50607 | Desolati | Identified the ring "Atishru" {rC+ rN+ Dex+6}
 50641 | Desolati | Reached skill level 15 in Stealth
 50679 | Desolati | Found the +7 mace of Variability {chaos, chaos arc}
 50863 | Desolati | Identified the +9 trident of the Pharaoh's Fist {holy,
                  | rCorr SInv Stlth+}
 50918 | Desolati | Identified the amulet "Foni" {Acrobat Will- Int+4 Stlth+}
 51023 | Desolati | Identified the +0 plate armour of the Haunted Wumpus {Will-
                  | Str+6}
 51033 | Desolati | Got the Octavo of the Mausoleum
 51036 | Desolati | Identified the +10 plate armour "Sos Kuc" {^Drain rC+ rN+}
 51515 | Vaults:4 | Paralysed by a sphinx for 4 turns
 51814 | Vaults:4 | Found a gateway to a bazaar.
 51830 | Bazaar   | Entered a bazaar
 51833 | Bazaar   | Found Zeifey's Antique Weapon Shoppe.
 51847 | Bazaar   | Found Damikhler's Armour Emporium.
 51877 | Bazaar   | Found Suif's Antique Weapon Emporium.
 51884 | Bazaar   | Found Anonuf's Magic Scroll Shoppe.
 51895 | Bazaar   | Bought a scroll of revelation for 97 gold pieces
 51895 | Bazaar   | Bought a scroll of brand weapon for 123 gold pieces
 51895 | Bazaar   | Bought a scroll of vulnerability for 52 gold pieces
 51895 | Bazaar   | Bought a scroll of vulnerability for 52 gold pieces
 52455 | Depths:1 | Entered Level 1 of the Depths
 52491 | D:15     | Reached XP level 23. HP: 174/196 MP: 5/36
 52779 | Depths:1 | Found a one-way gateway to a ziggurat.
 52793 | Depths:1 | Found a gateway to Hell.
 52810 | Depths:1 | Found a white marble altar of Elyvilon.
 52989 | Depths:1 | Found a one-way gate leading to the halls of Pandemonium.
 53225 | Depths:2 | Reached skill level 15 in Dodging
 53456 | Depths:2 | Noticed a caustic shrike
 53456 | Depths:2 | Noticed a golden dragon
 53483 | Depths:2 | Killed a caustic shrike
 53487 | Depths:2 | Killed a golden dragon
 54116 | Depths:2 | Identified the +7 rapier of the Warrior-Mage {antimagic,
                  | Fly rF+}
 54339 | Depths:3 | Identified the +0 ring mail of Omabafask {Str+3}
 54779 | Depths:3 | Found a one-way gate to the infinite horrors of the Abyss.
 54787 | Abyss:3  | Found a corrupted altar of Lugonu.
 54787 | Abyss:3  | Cast into level 3 of the Abyss (a deep elf demonologist)
 54931 | Abyss:3  | Got an abyssal rune of Zot
 54959 | Depths:3 | Escaped the Abyss
 55596 | Depths:3 | Reached skill level 1 in Shields
 55841 | Depths:4 | Entered Level 4 of the Depths
 55846 | Depths:4 | Found a hide-covered altar of Uskayaw.
 55989 | Depths:4 | Found a shadowy altar of Dithmenos.
 56024 | Depths:4 | Reached skill level 5 in Shields
 56345 | Depths:4 | Noticed a golden dragon
 56368 | Depths:4 | Reached XP level 24. HP: 204/204 MP: 19/36
 56377 | Depths:4 | Found a gate to the Realm of Zot.
 56597 | Zot:1    | Entered Level 1 of the Realm of Zot
 57009 | Zot:1    | Noticed Vv
 57014 | Zot:1    | Killed Vv
 57097 | Zot:1    | Reached skill level 10 in Shields
 57276 | Zot:1    | Identified the +7 lajatang of Valour {flame, Int+4 Stlth+}
 58301 | Zot:2    | You fall into a shaft and drop 1 floor!
 58689 | Zot:2    | Identified the ring of the Failed Coup {rCorr EV+5}
 59149 | Zot:3    | Reached skill level 15 in Shields
 59299 | Zot:3    | Noticed an orb of fire
 59304 | Zot:3    | Killed an orb of fire
 59315 | Zot:3    | Noticed a curse toe
 59326 | Zot:3    | Killed a curse toe
 59427 | Zot:3    | Reached XP level 25. HP: 144/210 MP: 36/36
 60406 | Zot:4    | Found a runed translucent door.
 60406 | Zot:4    | Noticed Sofait's ghost (legendary GnFE)
 60440 | Zot:4    | Identified the +6 falchion of the Postmodern Dances {heavy,
                  | ^Fragile +Blink Fly rC+++}
 60852 | Zot:4    | Killed Sofait's ghost
 60854 | Zot:4    | Gained mutation: You are occasionally teleported next to
                  | monsters. [mutagenic glow]
 61055 | Zot:4    | Lost mutation: Your health recovers twice as slowly from
                  | being drained. [potion of mutation]
 61055 | Zot:4    | Lost mutation: You expend magic power (3 MP) to strengthen
                  | your wands. [potion of mutation]
 61055 | Zot:4    | Lost mutation: You are occasionally teleported next to
                  | monsters. [potion of mutation]
 61055 | Zot:4    | Gained mutation: Your mind is acute. (Int +4, Str/Dex -1)
                  | [potion of mutation]
 61055 | Zot:4    | Gained mutation: You are agile. (Dex +4, Str/Int -1)
                  | [potion of mutation]
 61055 | Zot:4    | Gained mutation: You are somewhat resistant to further
                  | mutation. [potion of mutation]
 61095 | Zot:5    | Entered Level 5 of the Realm of Zot
 61768 | Zot:5    | Noticed an ancient lich
 61782 | Zot:5    | Killed an ancient lich
 61951 | Zot:5    | Noticed an ancient lich
 61956 | Zot:5    | Killed an ancient lich
 62030 | Zot:5    | Noticed an ancient lich
 62122 | Zot:5    | Noticed an orb of fire
 62131 | Zot:5    | Gained mutation: You are weak. (Str -2) [an orb of fire]
 62134 | Zot:5    | Killed an orb of fire
 62292 | Zot:5    | Noticed a Killer Klown
 62450 | Zot:5    | Noticed a Killer Klown
 62542 | Zot:5    | Noticed an ancient lich
 62972 | Zot:5    | Killed an ancient lich
 63085 | Zot:5    | Noticed an ancient lich
 63095 | Zot:5    | Killed an ancient lich
 63245 | Zot:5    | Killed an ancient lich
 63313 | Zot:5    | Killed a Killer Klown
 63336 | Zot:5    | Reached XP level 26. HP: 218/218 MP: 36/36
 63399 | Zot:5    | Noticed a Killer Klown
 63405 | Zot:5    | Killed a Killer Klown
 63517 | Zot:5    | Noticed a dread lich
 63530 | Zot:5    | Killed a dread lich
 64314 | Zot:5    | Noticed an ancient lich
 64331 | Zot:5    | Killed an ancient lich
 64365 | Zot:5    | Killed a Killer Klown
 64700 | Zot:5    | Noticed a Killer Klown
 64704 | Zot:5    | Killed a Killer Klown
 65064 | Zot:5    | Noticed an ancient lich
 65070 | Zot:5    | Killed an ancient lich
 65077 | Zot:5    | Noticed a Killer Klown
 65080 | Zot:5    | Noticed an orb of fire
 65080 | Zot:5    | Noticed a Killer Klown
 65086 | Zot:5    | Killed a Killer Klown
 65088 | Zot:5    | Killed an orb of fire
 65090 | Zot:5    | Killed a Killer Klown
 65275 | Zot:5    | Noticed a dread lich
 65277 | Zot:5    | Killed a dread lich
 65583 | Zot:5    | Got the Orb of Zot
 65665 | Depths:4 | Noticed Agrogaod the pandemonium lord
 66038 | D:1      | Noticed Tyridir the pandemonium lord
 66056 | D:1      | Killed Tyridir the pandemonium lord
 66108 | D:1      | gg
 66109 | D:$      | Escaped with the Orb!

Illustrated notes

♣♣♣♣♣♣ ♣♣♣♣
♣♣♣♣♣♣P.♣P♣♣♣ ♣♣≈≈♣
♣♣...P..♣....♣♣♣≈≈≈♣
♣♣..@..♣♣♣♣♣.♣.♣♣♣≈≈≈
♣......♣ ♣♣.♣♣ ♣♣♣≈
♣♣♣..♣.♣ ♣♣.♣ ♣♣
♣♣..♣♣ ♣♣.♣♣ ♣♣.♣♣
♣.♣♣ ♣..♣ ♣..♣♣♣ ♣.♣♣
♣♣♣..♣♣ ♣ ♣.♣ ♣♣♣.♣♣
♣♣ ♣.♣♣♣ ♣♣.♣♣♣.


Turn 66108 on D:1: gg

Levels and vault maps discovered:
D:1:      kilobyte_arrival_exit_the_forest, layout_loops_ring, serial_shops,
          nicolae_shop_rolled_up, minmay_strange_pillars, minmay_strange_pillars
D:2:      layout_basic, serial_undead, serial_undead_f, serial_undead_e,
          serial_undead_f, serial_undead_d, serial_undead_d, serial_undead_e,
          st_stairs_5
D:3:      layout_rooms, kennysheep_generic_room_11
D:4:      layout_rooms, minmay_temple_entry_glassed_door,
          uniq_crazy_yiuf_cottage
D:5:      layout_gridville, minmay_misc_feat_more_columns,
          grunt_decor_resistance, palyth_stone_intersect
D:6:      layout_loops_cross, grunt_temple_overflow_growth_and_decay
D:7:      layout_cave_pools, grunt_ministairs_13,
          amcnicky_mini_corridor_feature, uniq_pikel, uniq_maurice
D:8:      layout_loops_ring, hellmonk_lair_entry_icy, serial_demonic,
          serial_demonic_a, serial_demonic_e, serial_demonic_g,
          serial_demonic_b, minivault_5, minivault_14
D:9:      layout_loops_ring, minmay_crystal_room, uniq_grum
D:10:     layout_cave_pods
D:11:     layout_basic, minmay_orc_entry_guard_dogs, uniq_snorg, uniq_urug
D:12:     layout_loops_cross, hellmonk_ghost_big_iron
D:13:     layout_irregular_city, david_vaults_1, uniq_azrael, uniq_sonja,
          uniq_frances
D:14:     cheibrodos_body_horror, layout_basic, gammafunk_ghost_cemetery,
          small_statue_intersection, dk_noncrumbling_3,
          dreamdust_deal_with_the_devil, zin_angel
D:15:     gammafunk_depths_entry_grave, layout_grid_maze, serial_shops,
          nicolae_shop_just_a_little_nook, ebering_dispersal_statue_hall
Temple:   nicolae_temple_slightly_damp_pantheon
Lair:1:   layout_gridlike, basic_altar, fungi_pond_lemuel, minivault_27,
          minmay_holes, st_stairs_9, patterned_corridor
Lair:2:   layout_regular_city, minmay_swamp_entry_swarm,
          hellmonk_spider_entry_life_and_decay
Lair:3:   layout_cellular_growth, beast_lair_carwin_11, grunt_megastairs_4
Lair:4:   layout_regular_city, slime_entry_2, beast_lair_carwin_3,
          infiniplex_staircase_pool
Lair:5:   minmay_lair_end_frog_pond, layout_gridlike, serial_rivers,
          chequers_serial_rivers_micro_c, chequers_serial_rivers_micro_d,
          chequers_serial_rivers_room_b, chequers_serial_rivers_large_a,
          chequers_serial_rivers_small_3, serial_bayou_shore_b
Swamp:1:  layout_basic_swamp, nicolae_swamp_some_circles, uniq_aizul
Swamp:2:  layout_basic_swamp, wheals_swamp_sinkhole, cheibrodos_swamp_minitomb
Swamp:3:  layout_falls_marsh, evilmike_swamp_ruin_house_1, uniq_roxanne,
          uniq_louise
Swamp:4:  byrel_swamp_growth_death_and_undeath, layout_basic_swamp
Spider:1: nicolae_spider_jumping_over_cracks
          [nicolae_spider_jumping_sub_shuffled,
          nicolae_spider_jumping_sub_divot, nicolae_spider_jumping_sub_offset,
          nicolae_spider_jumping_sub_offset], ebering_ghost_xom, uniq_asterion
Spider:2: layout_spider_delve, special_room [special_room_bee]
Spider:3: nicolae_spider_hilbert_zone_6 [nicolae_spider_hilbert_4_sides_1_open,
          nicolae_spider_hilbert_4_sides_1_open,
          nicolae_spider_hilbert_4_sides_1_open,
          nicolae_spider_hilbert_4_sides_1_open,
          nicolae_spider_hilbert_4_sides_1_open,
          nicolae_spider_hilbert_4_sides_1_open,
          nicolae_spider_hilbert_4_sides_1_open], ebering_ghost_disaster_area
Spider:4: grunt_spider_rune_island, drop_trap
Orc:1:    layout_caves, mines4_lemuel
Orc:2:    st_orc_mages, layout_caves, basic_altar
Elf:1:    elf_arrival_002, layout_geoelf_octagon, serial_shops,
          nicolae_square_shop, minivault_28, drop_trap, minivault_16,
          statue_in_the_mist_lemuel,
          nicolae_gammafunk_elf_defective_weapons_storage
Elf:2:    nicolae_elf_blades_crystal_corner, layout_rooms, minivault_19
Vaults:1: lightli_enter_wizlab_magi_temple,
          nicolae_vaults_offset_grid_hallway_2, vaults_room_large_hall,
          nicolae_vaults_offset_grid_hallway_1, nicolae_vaults_network_star,
          nicolae_vaults_triangles, ontoclasm_vaults_misaligned,
          vaults_standard_mumra_x, vaults_mumra_minichess,
          nicolae_vaults_asterisk, hangedman_vaults_corner,
          nicolae_vaults_surprise_closet, layout_vaults_ring
Vaults:2: nicolae_vaults_puzzle_piece, minmay_crypt_entry_simple_round,
          vaults_room_door_hall, nicolae_vaults_house_3,
          hangedman_vaults_river_flow, hangedman_vaults_snaps,
          nicolae_vaults_closet_pinwheel_4, nicolae_vaults_murderbox,
          serial_ice_m, ontoclasm_vaults_fault, grunt_vaults_trifunnel,
          layout_vaults_omnicross, uniq_zenata
Vaults:3: v_misc_15, nicolae_vaults_closet_pinwheel_4, hangedman_vaults_hat,
          v_rooms_1, dpeg_vaults_pockets_of_resistance,
          nicolae_vaults_variable_pillar_hall, v_pattern_3, vaults_dpeg_cross,
          nicolae_vaults_meiosis, nicolae_vaults_big_angled_halls,
          grunt_vaults_diagonal, nicolae_vaults_more_shelving_1,
          ontoclasm_vaults_ring_small, ontoclasm_vaults_twist,
          vaults_room_ringed_pool, nicolae_vaults_circle_grid_b,
          layout_vaults_maze, serial_shops, shop, enter_trove_5, uniq_mara
Vaults:4: portal_desolation_entry_nicolae_nacl, nicolae_vaults_double_plus_2,
          nicolae_vaults_sightless_eye, grunt_vaults_hallway_short,
          nicolae_vaults_meeting, nicolae_vaults_closet_pinwheel_2, v_misc_13,
          vaults_mumra_hex, nicolae_vaults_apartment_2, vaults_room_pools,
          nicolae_vaults_trapezoid_lopsided_2, v_misc_32, v_misc_15, v_misc_19,
          nicolae_vaults_border_crossing, layout_vaults_omnibox, serial_shops,
          bzr_entry_islet, uniq_bai_suzhen, uniq_jory
Depths:1: layout_cave_pools, enter_ziggurat_f, hell_entry,
          hangedman_abyss_or_decor_stagger, rand_demon_pan_entry_4,
          elyvilon_altar_1
Depths:2: kennysheep_oblong_rooms, layout_gridlike, grunt_decor_mini_mirrors,
          serial_sigils, serial_sigils_hangedman_snap,
          serial_sigils_hangedman_etch, serial_sigils_hangedman_stare,
          serial_sigils_hangedman_quiver, pan_entry, grunt_hell_entry_dis_grunt
Depths:3: dreamdust_isle_of_ice, layout_cave_pools, pf_dread_powers_of_hell,
          pan_entry, nicolae_abyss_entry_one_way_or_another, chequers_big_river,
          serial_bayou_shore_b, grunt_megastairs_3
Depths:4: grunt_zot_entry_alcove, layout_cave_pools,
          nicolae_uskayaw_murder_on_the_dancefloor, grunt_mini_vestibule,
          grunt_dithmenos_smoke
Zot:1:    layout_onion, st_single_dragon_hoard_3, regret_index_zotdec_plus,
          st_single_dragon_hoard_2, uniq_vv
Zot:2:    kennysheep_ambush_hall, layout_basic, guppyfry_library_mini
Zot:3:    kennysheep_spiral_hall, layout_basic, zot_minivault_1
Zot:4:    layout_misc_corridors, hellmonk_ghost_happy_afterlife,
          regret_index_zotdec_split_disrupt
Zot:5:    layout_gridlike

Skill      XL: |  1  2  3  4  5  6  7  8  9 10 11 12 13 14 15 16 17 18 19 20 21 22 23 24 25 26 |
---------------+-------------------------------------------------------------------------------+-----
Fighting       | 2 3 4 5 6 7 8 9 10 12 14 15 16 17 19 20 | 20.0
Shapeshifting  | 4 5 8 12 16 18 | 18.0
Evocations     | 1 2 3 4 6 8 9 10 11 14 | 14.0
Short Blades   | 2 6 7 8 10 12 14 | 14.0
Dodging        | 3 4 5 6 7 8 10 11 12 13 14 16 17 19 20 | 20.0
Armour         | 2 4 6 8 10 11 12 13 | 13.2
Alchemy        | 2 9 10 11 12 | 12.0
Spellcasting   | 2 4 6 9 |  9.0
Conjurations   | 8 10 | 10.0
Fire Magic     | 5 |  5.0
Earth Magic    | 5 9 10 | 10.0
Stealth        | 3 9 10 12 13 17 18 19 | 19.7
Shields        | 7 15 17 | 17.0
Unarmed Combat | |  3.5

Action                     |  1- 3 |  4- 6 |  7- 9 | 10-12 | 13-15 | 16-18 | 19-21 | 22-24 | 25-27 || total
---------------------------+-------+-------+-------+-------+-------+-------+-------+-------+-------++-------
  Melee: Unarmed           |     7 |       |       |       |       |       |     4 |       |       ||    11
         Dagger            |    72 |   143 |   260 |   806 |  1164 |   683 |       |       |       ||  3128
         Punch             |       |     2 |     5 |    31 |    31 |     4 |    26 |       |       ||    99
         Quick blade       |       |       |       |       |       |   622 |  2476 |  1961 |  1046 ||  6105
         Maw               |       |       |       |       |       |       |       |   513 |       ||   513
  Throw: Javelin           |       |     5 |       |       |       |       |       |       |       ||     5
   Cast: Olgreb's Toxic Ra |       |       |       |    43 |    50 |   185 |     1 |     2 |    11 ||   292
         Irradiate         |       |       |       |       |    23 |    32 |    17 |     2 |    18 ||    92
         Petrify           |       |       |       |       |   101 |    91 |   170 |   148 |    22 ||   532
         Ignite Poison     |       |       |       |       |     5 |    28 |       |       |     2 ||    35
 Invoke: Serpent's Lash    |       |       |       |     6 |    10 |    12 |     7 |     9 |    12 ||    56
         Heavenly Storm    |       |       |       |       |       |       |     1 |     4 |     1 ||     6
Ability: Hop               |     1 |     1 |     1 |     1 |     3 |     3 |     2 |     1 |     1 ||    14
         Lunge             |       |     5 |    15 |    39 |    80 |    82 |   130 |   158 |    45 ||   554
         Whirlwind         |       |       |     1 |    17 |    39 |    48 |    96 |   102 |    48 ||   351
  Evoke: Wand              |       |     1 |     6 |     7 |    10 |     5 |     1 |     4 |     1 ||    35
         Lightning rod     |       |       |       |       |       |       |     1 |       |     1 ||     2
    Use: Scroll            |     2 |     5 |     4 |    11 |     6 |    23 |     9 |     6 |    13 ||    79
         Potion            |       |       |       |     2 |     1 |    12 |     2 |     3 |     9 ||    29
   Stab: Sleeping          |     2 |       |       |       |     3 |     9 |    29 |    61 |    10 ||   114
         Paralysed         |       |       |       |     5 |       |       |       |     4 |       ||     9
         Petrifying        |       |       |       |       |    92 |    75 |   238 |   168 |     9 ||   582
         Petrified         |       |       |       |       |    65 |    33 |    65 |    35 |     1 ||   199
         Distracted        |       |       |       |       |       |     8 |    36 |    38 |    44 ||   126
         Invisible         |       |       |       |       |       |     2 |       |       |       ||     2
 Armour: Animal skin       |    35 |    28 |       |       |       |       |       |       |       ||    63
         Ring mail         |       |    91 |       |       |       |       |       |       |       ||    91
         Scale mail        |       |     1 |   168 |   342 |   340 |   618 |       |       |       ||  1469
         Chain mail        |       |       |       |       |       |     7 |   148 |       |       ||   155
         Troll leather arm |       |       |       |       |       |       |   208 |     7 |     3 ||   218
         Skin              |       |       |       |       |       |       |    13 |   269 |   136 ||   418
  Dodge: Dodged            |    41 |   122 |    87 |   459 |   563 |   855 |   635 |   636 |   353 ||  3751
  Block: Kite shield       |       |       |       |       |       |       |       |    40 |   269 ||   309
         Form:             |       |       |     1 |       |       |       |       |     1 |     1 ||     3
         Beast             |       |       |     1 |       |       |       |       |       |       ||     1
         Statue            |       |       |       |       |       |       |     1 |     1 |       ||     2
         Maw               |       |       |       |       |       |       |       |     1 |       ||     1
